 Dungeon Crawl Stone Soup version 0.25-a0-566-g062765be81 (webtiles) character file.

Game seed: 11256796367844353154, levelgen mode: deterministic

56 kae the Sneak (level 3, -11/24 HPs)
             Began as a Vampire Enchanter on Feb 28, 2020.
             Mangled by Crazy Yiuf
             ... wielding a +3 quarterstaff of chaos
              (14 damage)
             ... on level 2 of the Dungeon.
             The game lasted 00:02:10 (2146 turns).

kae the Sneak (Vampire Enchanter)                   Turns: 2146, Time: 00:02:11

Health: -11/24     AC:  2    Str:  7    XL:     3   Next: 69%
Magic:  2/6        EV: 12    Int: 18    God:
Gold:   91         SH:  0    Dex: 14    Spells: 3/6 levels left

rFire    . . .     SeeInvis +   a - +1 dagger
rCold    . . .     Gourm    .   (no shield)
rNeg     . . .     Faith    .   b - +0 robe
rPois    .         Spirit   .   (no helmet)
rElec    .         Reflect  .   (no cloak)
rCorr    .         Harm     .   (no gloves)
MR       .....                  (no boots)
Stlth    +++.......             (no amulet)
HPRegen  0.28/turn              (no ring)
MPRegen  0.10/turn              (no ring)

@: very slightly contaminated, regenerating quickly, slowed, very slow
A: no food, fangs 3, see invisible, unbreathing
a: Exsanguinate


You were on level 2 of the Dungeon.
You were alive.

You visited 1 branch of the dungeon, and saw 2 of its levels.

You collected 91 gold pieces.

Inventory:

Hand Weapons
 a - a +1 dagger (weapon)
Armour
 b - a +0 robe (worn)
Scrolls
 c - 2 scrolls of remove curse {unknown}
 f - a scroll of enchant armour {unknown}
 i - a scroll of fear {unknown}
Potions
 d - 3 potions of curing {unknown}
 e - a potion of haste {unknown}
 g - a potion of might {unknown}
 h - a potion of lignification {unknown}
 j - 2 potions of resistance {unknown}


   Skills:
 * Level 2.6 Short Blades
 - Level 2.1 Dodging
 + Level 5.1 Stealth
 + Level 2.4 Spellcasting
 + Level 5.0 Hexes


You had 3 spell levels left.
You knew the following spells:

 Your Spells              Type           Power        Failure   Level  Hunger
a - Corona                Hex            ###....      2%          1    N/A
b - Ensorcelled Hibernat  Hex/Ice        ##....       10%         2    N/A

Your spell library contained the following spells:

 Spells                   Type           Power        Failure   Level  Hunger
 Confusing Touch          Hex            ###.....     7%          3    N/A
 Tukima's Dance           Hex            ###.....     7%          3    N/A
 Dazzling Flash           Conj/Hex       ##....       19%         3    N/A

Dungeon Overview and Level Annotations

Branches:
Dungeon (2/15)

Altars:

Annotations:
D:2 Crazy Yiuf


Innate Abilities, Weirdness & Mutations

You do not eat.
Your natural rate of healing is unusually fast.
You have razor-sharp teeth.
You have supernaturally acute eyesight. (SInv)
You can survive without breathing.


Message History

Crazy Yiuf sings, "Trees, trees, trees, circus!"
Crazy Yiuf laughs, "Tonal!
Goldfish illywillydillykilly illywillydillykilly."
Crazy Yiuf grits, "Mugger light ragdoll!"
Casting: Ensorcelled Hibernation (safe; 10% risk of failure)
Confirm with . or Enter, or press ? or * to list all spells.
Aiming: Ensorcelled Hibernation (safe; 10% risk of failure)
Press: ? - help, Shift-Dir - straight line, f/p - Crazy Yiuf
Aim: Crazy Yiuf, wielding a +3 quarterstaff of chaos and wearing a +0 cloak (chance to defeat MR: 50%) Crazy Yiuf resists with some effort.
Crazy Yiuf hits you with a +3 quarterstaff of chaos.
You feel yourself slow down. Crazy Yiuf barely misses you.
Crazy Yiuf hits you with a +3 quarterstaff of chaos!
Ouch! That really hurt!
* * * LOW HITPOINT WARNING * * *
Crazy Yiuf burns you.
* * * LOW HITPOINT WARNING * * *
Crazy Yiuf hits you with a +3 quarterstaff of chaos!
Ouch! That really hurt!
You die...

#..).............# #.#.
#.......)##.####.###########.#.
#........##.####.#...........#.
#..............#.#.###########.
###'#######.##.#.#(###########<
#..........>...................
#.#.##########.#.#.############
#.#.......# #.#.#.# #.#######.#
#@#.#.###### #.........#
#g#.#......# ###...#####
#.#.######.#######
#...########.#.# #.##....#
#............#.# #.##....#
###.########.#.# #.##....# #.#
#.%<#.######.##....#
#.######.###.........#....#
#.....##.#................'


You could see Crazy Yiuf.

Vanquished Creatures
  Robin (D:2)
  An adder (D:2)
  A leopard gecko (D:1)
  A giant cockroach (D:1)
  11 goblins
  6 hobgoblins
  4 bats
  2 frilled lizards (D:2)
  5 kobolds
  3 rats
35 creatures vanquished.

Vanquished Creatures (others)
  5 toadstools (D:1)
5 creatures vanquished.

Grand Total: 40 creatures vanquished

Notes
Turn   | Place    | Note
-------+----------+-------------------------------------------
     0 | D:1      | kae the Vampire Enchanter began the quest for the Orb.
     0 | D:1      | Reached XP level 1. HP: 13/13 MP: 3/3
   559 | D:1      | Reached XP level 2. HP: 19/19 MP: 3/5
   563 | D:1      | Learned a level 2 spell: Ensorcelled Hibernation
  1210 | D:2      | Found a runed translucent door.
  1211 | D:2      | Noticed Crazy Yiuf
  1234 | D:2      | Noticed Robin
  1264 | D:2      | Reached XP level 3. HP: 9/24 MP: 6/6
  1326 | D:2      | Killed Robin
  1326 | D:2      | Reached skill level 5 in Stealth
  1510 | D:2      | Reached skill level 5 in Hexes
  2146 | D:2      | Mangled by Crazy Yiuf

Levels and vault maps discovered:
D:1:      ldierk_walled_garden, layout_loops_corners
D:2:      layout_basic, kennysheep_generic_room_14, uniq_robin,
          uniq_crazy_yiuf_cottage

Skill      XL: |  1  2  3 |
---------------+----------+-----
Short Blades   | 2 |  2.6
Stealth        | 5 |  5.1
Hexes          | 5 |  5.0
Dodging        | |  2.1
Spellcasting   | |  2.4

Action                   || total
-------------------------++-------
Melee: Dagger            ||   122
       Bite              ||     4
 Cast: Corona            ||     6
       Ensorcelled Hiber ||    11
 Stab: Sleeping          ||    12
Armor: Robe              ||    16
Dodge: Dodged            ||    74

Table legend:
 A = Non-vault XP
 B = Vault XP
 C = Vault XP percentage of total XP
 D = Non-vault monster count
 E = Vault monster count
 F = Vault count percentage of total count
                 A         B        C        D         E       F
            +---------+---------+-------+---------+---------+-------
      Total |      44 |      36 |  45.0 |      22 |      13 |  37.1
            +---------+---------+-------+---------+---------+-------
        D:1 |      21 |       0 |   0.0 |      13 |       0 |   0.0
        D:2 |      23 |      36 |  61.0 |       9 |      13 |  59.1
            +---------+---------+-------+---------+---------+-------
